 Dungeon Crawl Stone Soup version 0.21-a0-221-gfe971b9 (webtiles) character file.

189 Ladykiller69 the Chopper (level 6, -2/44 HPs)
             Began as a Formicid Skald on Aug 24, 2017.
             Killed by divine providence
             ... invoked by an orc priest
              (14 damage)
             ... on level 3 of the Dungeon.
             The game lasted 00:10:15 (2898 turns).

Ladykiller69 the Chopper (Formicid Skald)           Turns: 2898, Time: 00:10:15

Health: -2/44      AC:  3    Str: 17    XL:     6   Next: 0%
Magic:  2/10       EV: 12    Int: 13    God:
Gold:   162        SH:  0    Dex: 10    Spells: 1/10 levels left

rFire    . . .     SeeInvis +   a - +0 war axe
rCold    . . .     Gourm    .   (no shield)
rNeg     . . .     Faith    .   b - +0 leather armour
rPois    .         Spirit   .   (helmet unavailable)
rElec    .         Reflect  .   (no cloak)
rCorr    .         Harm     .   (no gloves)
MR       .....                  (no boots)
Stlth    +.........             (no amulet)
HPRegen  0.14/turn              (no ring)
MPRegen  0.12/turn              (no ring)

@: infused, very slightly contaminated
A: permanent stasis, dig shafts and tunnels, four strong arms, antennae 3
a: Dig, Shaft Self


You were on level 3 of the Dungeon.
You were not hungry.

You visited 1 branch of the dungeon, and saw 3 of its levels.

You collected 162 gold pieces.

Inventory:

Hand Weapons
 a - a +0 war axe (weapon)
 m - a +0 hand axe
 r - a +0 battleaxe
Missiles
 l - 16 bolts
Armour
 b - a +0 leather armour (worn)
 j - a +2 ring mail of fire resistance
Jewellery
 e - an uncursed amulet of regeneration {unknown}
Scrolls
 g - 5 scrolls of teleportation {unknown}
 h - a scroll of identify {unknown}
 i - a scroll of amnesia {unknown}
 n - a scroll of immolation {unknown}
Potions
 o - a potion of agility
 p - a potion of cancellation {unknown}
Books
 c - a book of Battle

   Spells                             Type                      Level
   a - Infusion                       Charms                       1
   b - Shroud of Golubria             Charms/Translocation         2
   c - Song of Slaying                Charms                       2
   d - Spectral Weapon                Hexes/Charms                 3
   e - Regeneration                   Charms/Necromancy            3
Comestibles
 d - 2 bread rations
 f - a meat ration
 k - 6 fruits
 q - 7 chunks of flesh


   Skills:
 + Level 2.1 Fighting
 * Level 3.8 Axes
 - Level 1.1 Armour
 - Level 2.0 Dodging
 + Level 2.9 Spellcasting
 * Level 2.9 Hexes
 + Level 3.7 Charms


You had one spell level left.
You knew the following spells:

 Your Spells              Type           Power        Failure   Level  Hunger
a - Infusion              Chrm           ##..         6%          1    #......
b - Shroud of Golubria    Chrm/Tloc      #.........   19%         2    ###....
c - Spectral Weapon       Hex/Chrm       ##......     21%         3    ###....
d - Regeneration          Chrm/Necr      #.........   36%         3    ###....


Dungeon Overview and Level Annotations

Branches:
Dungeon (3/15)

Altars:
Ashenzari
Elyvilon
The Shining One


Innate Abilities, Weirdness & Mutations

You cannot be hasted, slowed, berserked, paralysed or teleported.
You can dig through walls and to a lower floor.
Your four strong arms can wield two-handed weapons with a shield.
You have a pair of large antennae on your head. (SInv)


Message History

The orc priest is lightly wounded.
The orc priest hits you but does no damage.
Your shroud bends the orc priest's attack away.
You hit the orc priest.
The orc priest is moderately wounded.
The orc priest closely misses you.
You hit the orc priest.
The orc priest is moderately wounded.
Your shroud begins to fray at the edges.
The orc priest hits you but does no damage.
You closely miss the orc priest.
The orc priest is moderately wounded.
The orc priest hits you with a flail!
* * * LOW HITPOINT WARNING * * *
Your shroud falls apart!
You hit the orc priest.
The orc priest is heavily wounded.
The orc priest calls down the wrath of Beogh upon you.
Beogh smites you!
You die...

### #.## ########## ###########[#
#.........
..........[#############.#######.
#####.......................# #..
##...###.#######........#.# ##.
##.###.##.# #@#...###..#.####.
#.## ##.#.### ##o#.## #.........
#.# #.()..######.####)........
#.## ##.#.#o...........#.#######
##.###{##.######................
#....###.######..<.[.....######
###.#..###...).[.........).# #.
#...#.#.#########.......##.# #.
#.##.###.# #.......##.# #.


You could see an orc priest.

Vanquished Creatures
  An orc priest (D:3)
  2 orc wizards (D:3)
  4 adders
  2 worms (D:2)
  9 orcs
  A giant cockroach (D:1)
  6 goblins
  7 hobgoblins
  7 jackals
  A quokka (D:3)
  9 bats
  3 frilled lizards
  A kobold (D:2)
  4 rats
57 creatures vanquished.

Vanquished Creatures (others)
  A bat (D:2)
  A hobgoblin (D:2)
2 creatures vanquished.

Grand Total: 59 creatures vanquished

Notes
Turn   | Place    | Note
-------+----------+-------------------------------------------
     0 | D:1      | Ladykiller69 the Formicid Skald began the quest for the Orb.
     0 | D:1      | Reached XP level 1. HP: 16/16 MP: 3/3
   544 | D:1      | Reached XP level 2. HP: 22/22 MP: 1/5
   554 | D:1      | Learned a level 2 spell: Shroud of Golubria
   904 | D:2      | Reached XP level 3. HP: 22/27 MP: 2/6
   909 | D:2      | Learned a level 3 spell: Spectral Weapon
  1064 | D:2      | Found a glowing golden altar of the Shining One.
  1089 | D:2      | Found a white marble altar of Elyvilon.
  1275 | D:2      | Reached skill level 1 in Hexes
  1391 | D:2      | Found a shattered altar of Ashenzari.
  1426 | D:2      | Reached XP level 4. HP: 12/33 MP: 1/7
  1990 | D:3      | Reached XP level 5. HP: 38/38 MP: 1/8
  2065 | D:3      | Learned a level 3 spell: Regeneration
  2702 | D:3      | Reached XP level 6. HP: 7/44 MP: 0/10
  2898 | D:3      | Killed from afar by an orc priest

Vault maps used:
D:1:      minmay_arrival_solitary_statue
D:2:      elyvilon_altar_4, tso_altar, ashenzari_altar_1, first_bread
D:3:      minmay_unequal

Skill      XL: |  1  2  3  4 |
---------------+-------------+-----
Dodging        | 2 |  2.0
Hexes          | 1 2 |  2.9
Axes           | 3 |  3.8
Fighting       | |  2.1
Armour         | |  1.1
Spellcasting   | |  2.9
Charms         | |  3.7

Action                   |  1- 3 |  4- 6 || total
-------------------------+-------+-------++-------
Melee: Hand axe          |    77 |       ||    77
       War axe           |    36 |   104 ||   140
 Cast: Infusion          |    12 |     9 ||    21
       Shroud of Golubri |     6 |    11 ||    17
       Regeneration      |       |     3 ||     3
 Abil: Dig               |     1 |     3 ||     4
  Eat: Chunk             |     2 |     7 ||     9
Armor: Leather armour    |    37 |    19 ||    56
Dodge: Dodged            |    86 |    78 ||   164

Table legend:
 A = Spawn XP
 B = Non-spawn XP
 C = Spawn XP percentage of total XP
 D = Spawn monster count
 E = Non-spawn monster count
 F = Spawn count percentage of total count
 G = Total turns spent on level
                    A         B        C        D         E        F      G
               +---------+---------+-------+---------+---------+-------+---------
         Total |      10 |     261 |   3.7 |       5 |      52 |   8.8 |  2898
               +---------+---------+-------+---------+---------+-------+---------
           D:1 |       4 |      13 |  23.5 |       2 |      10 |  16.7 |   808
           D:2 |       0 |      66 |   0.0 |       0 |      21 |   0.0 |  1344
           D:3 |       6 |     182 |   3.2 |       3 |      21 |  12.5 |   746
               +---------+---------+-------+---------+---------+-------+---------
